 Dungeon Crawl Stone Soup version 0.29.1-15-g9cfb28693d (webtiles) character file.

Game seed: 9529783846916342735

2774 wingedge the Skirmisher (level 9, -5/55 HPs)
             Began as a Tengu Hunter on Apr 4, 2023.
             Was an Initiate of Gozag.
             Slain by a water moccasin (7 damage)
             ... on level 7 of the Dungeon.
             The game lasted 00:24:34 (7492 turns).

wingedge the Skirmisher (Tengu Hunter)              Turns: 7492, Time: 00:24:35

Health: -5/55      AC:  8    Str: 11    XL:     9   Next: 70%
Magic:  19/19      EV: 14    Int: 10    God:    Gozag
Gold:   419        SH:  0    Dex: 22    Spells: 8/8 levels left

rFire   . . .      SeeInvis .   b - +0 dagger (holy)
rCold   . . .      Faith    .   (no shield)
rNeg    . . .      Spirit   .   A - +1 scale mail of the Modern Interlopers {rPois Slay+3 Stlth+}
rPois   +          Reflect  .   (helmet restricted)
rElec   .          Harm     .   (no cloak)
rCorr   .          Rampage  .   (no gloves)
Will    .....                   (boots unavailable)
Stlth   ++........              (no amulet)
HPRegen 0.18/turn               y - ring of wizardry
MPRegen 0.16/turn               u - ring of magical power

@: flying quickly and evasively, quick
A: beak, talons 3, nimble flight
a: Renounce Religion, Potion Petition, Call Merchant, Bribe Branch


You were on level 7 of the Dungeon.
You worshipped Gozag.
Gozag was aware of your devotion.
You visited 1 branch of the dungeon, and saw 7 of its levels.

You collected 1002 gold pieces.
You paid 583 gold pieces to Gozag.

Inventory:

Hand Weapons
 a - a +0 shortbow
 b - a +0 dagger of holy wrath (weapon)
 d - a +0 great sword
 h - a +0 war axe
 D - a +3 short sword
Armour
 c - a +0 leather armour
 f - a +2 ring mail of fire resistance
 i - a +0 ring mail of willpower
 l - a +0 kite shield
 x - a +0 buckler
 A - the +1 scale mail of the Modern Interlopers (worn) {rPois Slay+3 Stlth+}
   (You found it on level 3 of the Dungeon)

   Slay:      It affects your accuracy & damage with ranged weapons and melee
   (+3).
   rPois:     It protects you from poison.
   Stlth:     It makes you more stealthy.
Jewellery
 u - a ring of magical power (right hand)
 y - a ring of wizardry (left hand)
 z - a ring of ice
Scrolls
 e - a scroll of immolation
 n - 2 scrolls of amnesia
 o - a scroll of enchant weapon
 p - a scroll of blinking
 q - 2 scrolls of vulnerability
 s - a scroll of enchant armour {unknown}
 t - a scroll of magic mapping {unknown}
 v - 2 scrolls of teleportation
 B - a scroll of fog {unknown}
Potions
 g - 3 potions of curing
 k - 2 potions of might
 m - a potion of brilliance {unknown}
 r - 2 potions of degeneration {unknown}
 w - 4 potions of flight {unknown}
 C - a potion of cancellation {unknown}


   Skills:
 - Level 6.0 Fighting
 + Level 11.2 Ranged Weapons
 - Level 5.0 Armour
 - Level 6.0 Dodging
 - Level 1.0 Stealth


You had 8 spell levels left.
You didn't know any spells.
Your spell library was empty.

Dungeon Overview and Level Annotations

Branches:
Dungeon (7/15)             Temple (0/1) D:7

Altars:
Elyvilon
Gozag
Nemelex Xobeh
Okawaru
Ru
Xom

Shops:
D:7 *


Innate Abilities, Weirdness & Mutations

You have a beak for a mouth.
You have claws for feet.
Your magical nature lets you fly swiftly and evasively.


Message History

The vampire mosquito bites you but does no damage.
The water moccasin barely misses you. The vampire mosquito barely misses you.
The water moccasin completely misses you.
You hit the vampire mosquito.
The vampire mosquito convulses.
Your kick misses the vampire mosquito.
The vampire mosquito is moderately damaged.
The vampire mosquito barely misses you. The water moccasin bites you.
The vampire mosquito barely misses you.
You miss the vampire mosquito. You claw the vampire mosquito.
Your punch misses the vampire mosquito.
The vampire mosquito is heavily damaged.
The vampire mosquito bites you.
The vampire mosquito draws strength from your injuries!
The water moccasin bites you but does no damage.
The vampire mosquito bites you.
The vampire mosquito draws strength from your injuries!
The water moccasin barely misses you.
You hit the vampire mosquito.
The vampire mosquito convulses.
Your peck misses the vampire mosquito.
The vampire mosquito is severely damaged.
The vampire mosquito misses you. The water moccasin bites you.
The vampire mosquito misses you.
You hit the vampire mosquito.
The vampire mosquito convulses.
Your peck misses the vampire mosquito.
The vampire mosquito is almost destroyed.
The vampire mosquito barely misses you. The water moccasin bites you.
* * * LOW HITPOINT WARNING * * *
The vampire mosquito bites you!
* * * LOW HITPOINT WARNING * * *
The vampire mosquito draws strength from your injuries!
You hit the vampire mosquito.
The vampire mosquito convulses.
Your kick misses the vampire mosquito.
The vampire mosquito is almost destroyed.
The water moccasin bites you but does no damage.
The vampire mosquito bites you.
* * * LOW HITPOINT WARNING * * *
The vampire mosquito draws strength from your injuries!
The water moccasin bites you!
You die...
Your body crumbles into a pile of gold.

.....# #.................###.
.....# #......∩..............
.....###########..........o$.####
.#............##...........#.#
..............##.$.........#.#
.#............##...........#o#
..............##...........#.#
.#............##y$.........#o$..#
..............##@S..$........#..#
.#..............###....$..>..#...
....########....# ### #.#.# ..
.#.. #....# #$#.# #. #....# #o#.#
# #....# . ..# $$ #....# #....# $
#....#


You could see a water moccasin and a vampire mosquito.

Vanquished Creatures
  A shadow (D:7)
  A wyvern (D:7)
  5 yaks
  Menkaure (D:4)
  A water moccasin (D:5)
  A sky beast (D:7)
  An orc warrior (D:7)
  An ogre (D:5)
  A phantom (D:6)
  A centaur (D:7)
  A kobold brigand (D:5)
  Blork the orc (D:5)
  A bullfrog (D:7)
  A scorpion (D:6)
  A gnoll sergeant (D:7)
  2 necrophages (D:6)
  A hound (D:6)
  A gnoll bouda (D:6)
  An orc priest (D:4)
  2 iguanas
  5 orc wizards
  12 gnolls
  9 adders
  A white imp (D:5)
  An ufetubus (D:4)
  6 dart slugs
  27 orcs
  3 ball pythons
  6 bats
  3 endoplasms
  2 giant cockroaches (D:1)
  5 hobgoblins
  6 jackals
  5 quokkas
  A frilled lizard (D:5)
  4 goblins
  18 kobolds
  6 rats
146 creatures vanquished.

Vanquished Creatures (collateral kills)
  2 orc wizards (D:4)
  An orc (D:4)
3 creatures vanquished.

Vanquished Creatures (others)
  3 fungi (D:2)
  10 plants
13 creatures vanquished.

Grand Total: 162 creatures vanquished

Notes
Turn   | Place    | Note
-------+----------+-------------------------------------------
     0 | D:1      | wingedge the Tengu Hunter began the quest for the Orb.
     0 | D:1      | Reached XP level 1. HP: 12/12 MP: 2/2
   313 | D:1      | Reached XP level 2. HP: 17/17 MP: 3/3
   333 | D:1      | Reached skill level 5 in Ranged Weapons
   938 | D:2      | Reached XP level 3. HP: 11/21 MP: 4/4
  1215 | D:2      | Found a faded altar of an unknown god.
  1735 | D:3      | Reached skill level 6 in Ranged Weapons
  1735 | D:3      | Reached XP level 4. HP: 26/26 MP: 5/5
  1937 | D:3      | Found a shimmering altar of Xom.
  1937 | D:3      | Found a shimmering altar of Xom.
  1938 | D:3      | Found a shimmering altar of Xom.
  1938 | D:3      | Found a shimmering altar of Xom.
  1971 | D:3      | Found a shimmering altar of Xom.
  1976 | D:3      | Found a white marble altar of Elyvilon.
  2012 | D:3      | Identified the +1 scale mail of the Modern Interlopers
                  | {rPois Slay+3 Stlth+}
  2343 | D:3      | Found an opulent altar of Gozag.
  2345 | D:3      | Found a sparkling altar of Nemelex Xobeh.
  2351 | D:3      | Became a worshipper of Gozag Ym Sagoz the Greedy
  2557 | D:4      | Gained mutation: Your magical nature lets you fly swiftly
                  | and evasively. [Tengu growth]
  2557 | D:4      | Reached XP level 5. HP: 18/32 MP: 6/6
  3365 | D:4      | Found a sacrificial altar of Ru.
  3414 | D:4      | Reached skill level 7 in Ranged Weapons
  3419 | D:4      | Reached XP level 6. HP: 17/37 MP: 7/7
  3800 | D:4      | Noticed Menkaure
  3973 | D:4      | Killed Menkaure
  4183 | D:5      | Entered Level 5 of the Dungeon
  4356 | D:5      | Noticed a water moccasin
  4364 | D:5      | Killed a water moccasin
  4365 | D:5      | Reached XP level 7. HP: 10/43 MP: 8/8
  4575 | D:5      | Noticed Blork the orc
  4585 | D:5      | Killed Blork the orc
  5153 | D:5      | Reached skill level 5 in Fighting
  5446 | D:6      | Noticed a yak
  5446 | D:6      | Noticed a yak
  5446 | D:6      | Noticed a yak
  5446 | D:6      | Noticed a yak
  5446 | D:6      | Noticed a yak
  5461 | D:5      | Killed a yak
  5462 | D:5      | Reached skill level 5 in Armour
  5462 | D:5      | Reached XP level 8. HP: 49/49 MP: 9/9
  5568 | D:6      | Reached skill level 8 in Ranged Weapons
  6055 | D:6      | Reached skill level 9 in Ranged Weapons
  6337 | D:6      | Found an iron altar of Okawaru.
  6366 | D:6      | Killed a yak
  6369 | D:6      | Killed a yak
  6371 | D:6      | Killed a yak
  6372 | D:6      | Reached skill level 10 in Ranged Weapons
  6372 | D:6      | Reached skill level 5 in Dodging
  6372 | D:6      | Reached XP level 9. HP: 45/54 MP: 10/10
  6956 | D:7      | Found a staircase to the Ecumenical Temple.
  7130 | D:7      | Found Kuhadyka's General Store.
  7171 | D:7      | Reached skill level 11 in Ranged Weapons
  7181 | D:7      | HP: 2/54 [something (7)]
  7492 | D:7      | HP: 2/55 [vampire mosquito (6)]
  7492 | D:7      | Slain by a water moccasin

Illustrated notes

Levels and vault maps discovered:
D:1:      spicycebolla_green_bress_n_ham, layout_basic
D:2:      minmay_wonky_spiral, layout_basic,
          shapermc_ecumenical_altar_mp_urbaneastern
D:3:      layout_rooms, grunt_temple_overflow_opulence, xom_redecorated,
          lemuel_crystal_altar, kennysheep_minor_cross
D:4:      layout_basic, nicolae_ru_path_of_blood, wad_orctagon, uniq_menkaure
D:5:      layout_basic, lexackson_kobold_supper, uniq_blork_the_orc
D:6:      layout_gridville, okawaru_altar_gauntlet_db
D:7:      layout_basic, minmay_temple_entry_glass, serial_shops, shop_coins,
          minmay_the_grid_2x2 [minmay_the_grid_spin_star,
          minmay_the_grid_large_cup, minmay_the_grid_outer_circle,
          minmay_the_grid_prize_big_room]

Skill      XL: |  1  2  3  4  5  6  7  8  9 |
---------------+----------------------------+-----
Ranged Weapons | 5 6 7 10 11 | 11.2
Fighting       | 3 4 5 6 |  6.0
Armour         | 4 5 |  5.0
Dodging        | 5 6 |  6.0
Stealth        | |  1.0

Action                   |  1- 3 |  4- 6 |  7- 9 || total
-------------------------+-------+-------+-------++-------
Melee: Dagger            |    14 |    29 |    90 ||   133
       Peck              |     3 |     4 |    19 ||    26
       Kick              |     3 |    11 |    35 ||    49
       Short sword       |       |     6 |     2 ||     8
       Punch             |       |       |     1 ||     1
 Fire: Shortbow          |    73 |    95 |   164 ||   332
Throw: Throwing net      |       |       |     1 ||     1
Invok: Potion Petition   |       |       |     1 ||     1
  Use: Scroll            |       |     8 |     3 ||    11
       Potion            |       |     1 |     5 ||     6
 Stab: Sleeping          |       |     1 |       ||     1
       Held in net/web   |       |       |     1 ||     1
Armor: Leather armour    |     5 |       |       ||     5
       Ring mail         |     7 |     9 |     5 ||    21
       Scale mail        |       |    20 |    37 ||    57
Dodge: Dodged            |    22 |    32 |    98 ||   152
